 Dungeon Crawl Stone Soup version 0.23.2-1-ga50397a6bc (webtiles) character file.

Game seed: 15530573551674847956

4036 Morbidden the Martial Artist (level 10, -4/72 HPs)
             Began as a Gnoll Monk on May 4, 2019.
             Was a High Priest of Okawaru.
             Slain by a death yak (20 damage)
             ... on level 8 of the Dungeon.
             The game lasted 00:19:33 (8763 turns).

Morbidden the Martial Artist (Gnoll Monk)           Turns: 8763, Time: 00:19:33

Health: -4/72      AC:  7    Str: 17    XL:     10   Next: 24%
Magic:  17/17      EV: 18    Int: 13    God:    Okawaru [*****.]
Gold:   344        SH:  0    Dex: 17    Spells: 19/19 levels left

rFire    + . .     SeeInvis .     - Unarmed
rCold    . . .     Gourm    .   (no shield)
rNeg     . . .     Faith    .   v - +1 animal skin
rPois    .         Spirit   .   w - +0 helmet
rElec    .         Reflect  .   f - +0 cloak
rCorr    .         Harm     .   (no gloves)
MR       .....                  y - +0 pair of boots
Stlth    ++++......             q - amulet of rage
HPRegen  0.22/turn              m - ring of flight
MPRegen  0.15/turn              c - ring of protection from fire

@: berserk cooldown, hasted and slowed
A: distributed training, fangs 1, frail 1, strong nose
a: Heroism, Finesse, Renounce Religion, Evoke Berserk Rage, Evoke Flight


You were on level 8 of the Dungeon.
You worshipped Okawaru.
Okawaru was extremely pleased with you.
You were hungry.

You visited 2 branches of the dungeon, and saw 9 of its levels.

You collected 344 gold pieces.

Inventory:

Armour
 f - a +0 cloak (worn)
 v - a +1 animal skin (worn)
 w - a +0 helmet (worn)
 y - a +0 pair of boots (worn)
Jewellery
 c - a ring of protection from fire (right hand)
 m - a ring of flight (left hand)
 q - an amulet of rage (around neck)
Wands
 a - a wand of random effects (16)
 u - a wand of polymorph (7)
 x - a wand of acid (17)
 A - a wand of disintegration (17)
 F - a wand of paralysis (7)
Scrolls
 d - 3 scrolls of teleportation {unknown}
 g - 6 scrolls of identify
 i - 4 scrolls of magic mapping {unknown}
 k - a scroll of enchant weapon {unknown}
 l - a scroll of noise {unknown}
 o - 2 scrolls of immolation {unknown}
 p - 4 scrolls of remove curse {unknown}
 r - a scroll of enchant armour {unknown}
 t - a scroll of amnesia {unknown}
 B - a scroll of holy word {unknown}
 G - 2 scrolls of blinking {unknown}
Potions
 e - 2 potions of resistance
 j - 2 potions of might
 n - a potion of mutation
 s - a potion of degeneration
 z - a potion of magic {unknown}
 C - a potion of cancellation {unknown}
 D - a potion of ambrosia {unknown}
 E - a potion of heal wounds {unknown}
Comestibles
 b - 20 rations


   Skills:
 + Level 8.3 Fighting
 + Level 5.0 Short Blades
 + Level 5.0 Long Blades
 + Level 5.0 Axes
 + Level 5.0 Maces & Flails
 + Level 5.0 Polearms
 + Level 5.0 Staves
 + Level 5.0 Slings
 + Level 5.0 Bows
 + Level 5.0 Crossbows
 + Level 5.0 Throwing
 + Level 5.0 Armour
 + Level 8.3 Dodging
 + Level 6.6 Stealth
 + Level 5.0 Shields
 + Level 8.3 Unarmed Combat
 + Level 5.0 Spellcasting
 + Level 4.1 Conjurations
 + Level 4.1 Hexes
 + Level 4.1 Charms
 + Level 4.1 Summonings
 + Level 4.1 Necromancy
 + Level 4.1 Translocations
 + Level 4.1 Transmutations
 + Level 4.1 Fire Magic
 + Level 4.1 Ice Magic
 + Level 4.1 Air Magic
 + Level 4.1 Earth Magic
 + Level 4.1 Poison Magic
 + Level 5.5 Invocations
 + Level 5.0 Evocations


You had 19 spell levels left.
You didn't know any spells.
Your spell library was empty.

Dungeon Overview and Level Annotations

Branches:
Dungeon (8/15)             Temple (1/1) D:5            Lair (0/6) D:8

Altars:
Ashenzari
Dithmenos
Elyvilon
Fedhas
Gozag
Hepliaklqana
Makhleb
Nemelex Xobeh
Okawaru
Ru
Sif Muna
Uskayaw
Vehumet
Xom
Yredelemnul
Zin
Jiyva

Annotations:
D:4 1 runed translucent door, Crazy Yiuf


Innate Abilities, Weirdness & Mutations

Your experience applies equally to all skills.
You have very sharp teeth.
Your uncanny sense of smell can sniff out nearby items.
You are frail. (-10% HP)


Message History

Unknown command.
Unknown command.
The yak bellows!
The death yak gores you. The death yak gores you!!
The death yak snorts and paws the ground.
Unknown command.
You are feeling hungry.
The death yak barely misses you.
Unknown command.
Unknown command.
Okay, then.
It was a potion of mutation.
You feel extremely strange.
You feel frail. The death yak gores you!
* * * LOW HITPOINT WARNING * * *
The death yak barely misses you. x2
Unknown command.
Okay, then.
It was a potion of haste.
You feel yourself speed up. The death yak gores you!!
You die...

#.#...).# #.#.##
####.#.....# ##.#...
#....#.....# #......
#..........#####.#.#.#
#...##................
#...+....######..#.#.#
.# #...##'### #.......
..##........# #..#.#.#
######.##...Y@...#
##......
#......##...YY...#
#######
#.......#........## ∆
#.......#.Y.......#
#.......#†........#
#.......Y..######.######
#...?Y.#.###...........#
#...Y..#.#.#.####.####.#
#......#.#.#.#.......#


You could see 2 death yaks and 3 yaks.

Vanquished Creatures
  A death yak (D:8)
  A hippogriff (D:7)
  A yak (D:8)
  A water moccasin (D:8)
  4 sky beasts
  3 phantoms
  2 ice beasts (D:6)
  8 centaurs
  A big kobold (D:7)
  4 bullfrogs
  A scorpion (D:5)
  4 wights (D:6)
  A howler monkey (D:5)
  A bullfrog zombie (D:5)
  A crimson imp (D:6)
  An orc wizard (D:4)
  2 orc priests (D:6)
  6 hounds
  A jelly (D:6)
  A bullfrog skeleton (D:8)
  3 iguanas
  5 worker ants
  2 killer bee zombies
  Robin (D:4)
  17 adders
  A howler monkey skeleton (D:5)
  A shadow imp (D:7)
  An adder zombie (D:2)
  4 worms
  2 dart slugs
  8 leopard geckos
  13 orcs
  4 ball pythons
  7 giant cockroaches
  17 goblins
  10 hobgoblins
  14 jackals
  12 kobolds
  3 quokkas
  7 bats
  8 frilled lizards
  A quokka skeleton (D:7)
  A quokka zombie (D:5)
  7 rats
  2 fungi (D:4)
  A plant (D:1)
197 creatures vanquished.

Vanquished Creatures (others)
  A plant (D:5)
1 creature vanquished.

Grand Total: 198 creatures vanquished

Notes
Turn   | Place    | Note
-------+----------+-------------------------------------------
     0 | D:1      | Morbidden the Gnoll Monk began the quest for the Orb.
     0 | D:1      | Reached XP level 1. HP: 23/23 MP: 1/1
   382 | D:1      | Reached XP level 2. HP: 27/29 MP: 2/2
   829 | D:2      | Reached XP level 3. HP: 28/35 MP: 3/3
  1088 | D:2      | Reached skill level 1 in Invocations
  1189 | D:2      | Reached skill level 1 in Short Blades
  1189 | D:2      | Reached skill level 1 in Long Blades
  1189 | D:2      | Reached skill level 1 in Axes
  1189 | D:2      | Reached skill level 1 in Maces & Flails
  1189 | D:2      | Reached skill level 1 in Polearms
  1189 | D:2      | Reached skill level 1 in Staves
  1189 | D:2      | Reached skill level 1 in Slings
  1189 | D:2      | Reached skill level 1 in Bows
  1189 | D:2      | Reached skill level 1 in Crossbows
  1189 | D:2      | Reached skill level 1 in Throwing
  1189 | D:2      | Reached skill level 1 in Armour
  1189 | D:2      | Reached skill level 1 in Shields
  1189 | D:2      | Reached skill level 1 in Spellcasting
  1189 | D:2      | Reached skill level 1 in Evocations
  1240 | D:2      | Reached XP level 4. HP: 23/41 MP: 5/5
  1699 | D:2      | Reached skill level 1 in Conjurations
  1699 | D:2      | Reached skill level 1 in Hexes
  1699 | D:2      | Reached skill level 1 in Charms
  1699 | D:2      | Reached skill level 1 in Summonings
  1699 | D:2      | Reached skill level 1 in Necromancy
  1699 | D:2      | Reached skill level 1 in Translocations
  1699 | D:2      | Reached skill level 1 in Transmutations
  1699 | D:2      | Reached skill level 1 in Fire Magic
  1699 | D:2      | Reached skill level 1 in Ice Magic
  1699 | D:2      | Reached skill level 1 in Air Magic
  1699 | D:2      | Reached skill level 1 in Earth Magic
  1699 | D:2      | Reached skill level 1 in Poison Magic
  2072 | D:3      | Found an iron altar of Okawaru.
  2117 | D:3      | Reached XP level 5. HP: 43/47 MP: 6/6
  2148 | D:3      | Became a worshipper of Warmaster Okawaru
  2148 | D:3      | Reached * piety under Okawaru
  2148 | D:3      | Reached ** piety under Okawaru
  2322 | D:3      | Found an opulent altar of Gozag.
  2827 | D:4      | Reached XP level 6. HP: 29/53 MP: 8/8
  3140 | D:4      | Noticed Robin
  3156 | D:4      | Killed Robin
  3490 | D:4      | Found a hide-covered altar of Uskayaw.
  3539 | D:4      | Reached XP level 7. HP: 18/59 MP: 10/10
  4120 | D:4      | Found a runed translucent door.
  4121 | D:4      | Noticed Crazy Yiuf
  4238 | D:5      | Entered Level 5 of the Dungeon
  4333 | D:5      | Found a shimmering altar of Xom.
  4694 | D:5      | Reached *** piety under Okawaru
  4697 | D:5      | Reached skill level 5 in Stealth
  4726 | D:5      | Found a blossoming altar of Fedhas.
  4851 | D:5      | Reached XP level 8. HP: 33/67 MP: 12/12
  5504 | D:5      | Found a staircase to the Ecumenical Temple.
  5513 | Temple   | Entered the Ecumenical Temple
  6482 | D:6      | Reached **** piety under Okawaru
  6485 | D:6      | Received a gift from Okawaru
  6496 | D:6      | Found a shadowy altar of Dithmenos.
  6604 | D:6      | Reached XP level 9. HP: 58/72 MP: 14/14
  6756 | D:6      | Found a glowing silver altar of Zin.
  6758 | D:6      | Noticed an angel
  6759 | D:6      | Found a burning altar of Makhleb.
  6759 | D:6      | Noticed an Executioner
  7039 | D:7      | Reached ***** piety under Okawaru
  7080 | D:7      | Received a gift from Okawaru
  8003 | D:7      | Reached skill level 5 in Invocations
  8564 | D:8      | Received a gift from Okawaru
  8688 | D:8      | Found a sacrificial altar of Ru.
  8711 | D:8      | Noticed a death yak
  8713 | D:8      | Found a staircase to the Lair.
  8736 | D:8      | Killed a death yak
  8736 | D:8      | Reached XP level 10. HP: 80/80 MP: 13/17
  8738 | D:8      | Reached skill level 5 in Short Blades
  8738 | D:8      | Reached skill level 5 in Long Blades
  8738 | D:8      | Reached skill level 5 in Axes
  8738 | D:8      | Reached skill level 5 in Maces & Flails
  8738 | D:8      | Reached skill level 5 in Polearms
  8738 | D:8      | Reached skill level 5 in Staves
  8738 | D:8      | Reached skill level 5 in Slings
  8738 | D:8      | Reached skill level 5 in Bows
  8738 | D:8      | Reached skill level 5 in Crossbows
  8738 | D:8      | Reached skill level 5 in Throwing
  8738 | D:8      | Reached skill level 5 in Armour
  8738 | D:8      | Reached skill level 5 in Shields
  8738 | D:8      | Reached skill level 5 in Spellcasting
  8738 | D:8      | Reached skill level 5 in Evocations
  8752 | D:8      | Noticed a death yak
  8753 | D:8      | Noticed a death yak
  8762 | D:8      | Gained mutation: You are frail. (-10% HP) [potion of
                  | mutation]
  8763 | D:8      | Slain by a death yak

Skill      XL: |  1  2  3  4  5  6  7  8  9 10 |
---------------+-------------------------------+-----
Invocations    | 1 2 3 4 5 |  5.5
Short Blades   | 1 2 3 4 5 |  5.0
Long Blades    | 1 2 3 4 5 |  5.0
Axes           | 1 2 3 4 5 |  5.0
Maces & Flails | 1 2 3 4 5 |  5.0
Polearms       | 1 2 3 4 5 |  5.0
Staves         | 1 2 3 4 5 |  5.0
Slings         | 1 2 3 4 5 |  5.0
Bows           | 1 2 3 4 5 |  5.0
Crossbows      | 1 2 3 4 5 |  5.0
Throwing       | 1 2 3 4 5 |  5.0
Armour         | 1 2 3 4 5 |  5.0
Shields        | 1 2 3 4 5 |  5.0
Spellcasting   | 1 2 3 4 5 |  5.0
Evocations     | 1 2 3 4 5 |  5.0
Conjurations   | 1 2 3 4 |  4.1
Hexes          | 1 2 3 4 |  4.1
Charms         | 1 2 3 4 |  4.1
Summonings     | 1 2 3 4 |  4.1
Necromancy     | 1 2 3 4 |  4.1
Translocations | 1 2 3 4 |  4.1
Transmutations | 1 2 3 4 |  4.1
Fire Magic     | 1 2 3 4 |  4.1
Ice Magic      | 1 2 3 4 |  4.1
Air Magic      | 1 2 3 4 |  4.1
Earth Magic    | 1 2 3 4 |  4.1
Poison Magic   | 1 2 3 4 |  4.1
Fighting       | 7 8 |  8.3
Dodging        | 7 8 |  8.3
Unarmed Combat | 7 8 |  8.3
Stealth        | 5 6 |  6.6

Action                   |  1- 3 |  4- 6 |  7- 9 | 10-12 || total
-------------------------+-------+-------+-------+-------++-------
Melee: Unarmed           |   133 |   239 |   465 |     6 ||   843
       Bite              |    25 |    22 |    53 |       ||   100
       Punch             |     1 |     6 |    19 |     1 ||    27
Invok: Heroism           |       |       |     3 |       ||     3
 Abil: Evoke Berserk Rag |       |     1 |     6 |       ||     7
  Use: Potion            |       |       |     5 |     2 ||     7
       Scroll            |       |       |     2 |       ||     2
 Stab: Sleeping          |    10 |    15 |    11 |       ||    36
       Distracted        |       |     1 |     1 |       ||     2
  Eat: Chunk             |     1 |     7 |    16 |     1 ||    25
       Ration            |       |       |     2 |       ||     2
Armor: Robe              |     6 |    20 |       |       ||    26
       Animal skin       |       |     6 |    88 |     2 ||    96
Dodge: Dodged            |    54 |   181 |   342 |     7 ||   584
